Senators vs MapleLeafs

Created - October 4 2009 at 13:27

Simulating a Pre-Season

Goals
1 2 3 T
Senators 4 1 2 7
MapleLeafs 1 2 1 4
Shots
1 2 3 T
Senators 12 18 8 38
MapleLeafs 7 14 5 26

Period #1

1. MapleLeafs , Blake Wheeler 1 (Tim Connolly, Ryan Smyth) at 1:31
2. Senators , Ray Whitney 1 (Jan Hejda, Martin St. Louis) at 6:37
3. Senators , Robert Lang 1 (Ray Whitney) at 12:53 (PP)
4. Senators , Mark Recchi 1 (Fredrik Modin, Karlis Skrastins) at 13:33
5. Senators , Rick Nash 1 (Ilya Kovalchuk, Jay Bouwmeester) at 17:17 (PP)

Penalties :
Rick Nash (OTT) for Slashing (Minor) at 1:37, Luke Schenn (TOR) for Tripping (Minor) at 10:43, Ryan Smyth (TOR) for Hooking (Minor) at 12:13, Luke Schenn (TOR) for Holding (Minor) at 16:07, Luke Schenn (TOR) for Tripping (Minor) at 19:03

Period #2

6. MapleLeafs , Greg Zanon 1 (Ryan Smyth, Blake Wheeler) at 9:13 (PP)
7. MapleLeafs , Doug Weight 1 (Claude Giroux, Luke Schenn) at 10:11
8. Senators , Robert Lang 2 (Martin St. Louis, Paul Ranger) at 15:10

Penalties :
Greg Zanon (TOR) for Slashing (Minor) at 1:46, Chuck Kobasew (TOR) for Hooking (Minor) at 4:41, Mark Recchi (OTT) for Holding (Minor) at 8:28, Luke Schenn (TOR) for Roughing (Minor) at 12:18, Steve Bernier (OTT) for Holding (Minor) at 15:17, Sidney Crosby (OTT) for High sticking (Minor) at 18:00, Kevin Bieksa (OTT) for Interference (Minor) at 19:05

Period #3

9. Senators , Fredrik Modin 1 (Mark Recchi, Freddy Meyer) at 1:26
10. Senators , Ray Whitney 2 (Martin St. Louis, Jan Hejda) at 8:08
11. MapleLeafs , Tim Connolly 1 (Ryan Smyth, Blake Wheeler) at 19:28

Penalties :
Andreas Lilja (TOR) for Tripping (Minor) at 2:27, Kris Draper (OTT) for Tripping (Minor) at 5:16, Ryan Smyth (TOR) for Slashing (Minor) at 9:05, Andreas Lilja (TOR) for Hooking (Minor) at 13:25, Steve Ott (TOR) for Interference (Minor) at 15:38

Goalie Stats

Alex Auld (OTT), 22 saves from 26 shots - (0.846), W, 1-0-0, 60:00 minutes
Mike Smith (TOR), 27 saves from 34 shots - (0.794), L, 0-1-0, 48:08 minutes
Jose Theodore (TOR), 4 saves from 4 shots - (1.000), 11:52 minutes

Players Stats

Senators
Player Name              G  A  P  +/- PIM S  H  SB FO    MP 
------------------------------------------------------------
Freddy Meyer             0  1  1   2  0   0  0  0  0/0   15 
Fredrik Modin            1  1  2   2  0   4  0  0  1/1   13 
Ilya Kovalchuk           0  1  1   0  0   2  1  0  2/2   18 
Jan Hejda                0  2  2   2  0   1  1  1  0/0   22 
Jay Bouwmeester          0  1  1  -2  0   1  1  2  0/0   24 
Karlis Skrastins         0  1  1   2  0   0  0  0  0/0   13 
Kevin Bieksa             0  0  0   0  2   1  1  1  0/0   16 
Kris Draper              0  0  0  -2  2   1  1  0  5/11  8  
Mark Recchi              1  1  2   2  2   2  1  0  1/1   14 
Martin St. Louis         0  3  3   2  0   2  1  0  1/2   22 
Paul Ranger              0  1  1   2  0   1  0  2  0/0   22 
Radek Martinek           0  0  0  -2  0   0  1  0  0/0   7  
Ray Whitney              2  1  3   2  0   9  2  0  2/5   19 
Rick Nash                1  0  1   0  2   2  2  0  5/7   15 
Robert Lang              2  0  2   2  0   4  1  0  18/24 18 
Sergei Fedorov           0  0  0   2  0   3  0  1  8/13  13 
Sidney Crosby            0  0  0  -2  2   3  1  0  13/22 22 
Steve Bernier            0  0  0  -2  2   2  0  0  0/0   7  
MapleLeafs
Player Name              G  A  P  +/- PIM S  H  SB FO    MP 
------------------------------------------------------------
Andreas Lilja            0  0  0   1  4   1  2  1  0/0   21 
Andy Sutton              0  0  0  -2  0   1  2  2  0/0   22 
Blake Wheeler            1  2  3   2  0   4  1  0  1/2   22 
Brian Rafalski           0  0  0  -3  0   0  0  4  0/0   23 
Chuck Kobasew            0  0  0   0  2   1  1  0  0/0   9  
Claude Giroux            0  1  1  -2  0   0  0  0  0/0   12 
Doug Weight              1  0  1  -2  0   3  0  0  5/13  14 
Greg Zanon               1  0  1   2  2   2  3  1  0/0   21 
Ian Laperriere           0  0  0  -2  0   0  2  0  8/12  15 
Jason Blake              0  0  0   0  0   0  0  0  2/4   12 
Jon Sim                  0  0  0  -2  0   2  0  0  0/0   6  
Luke Schenn              0  1  1  -2  8   0  3  2  0/0   15 
Marc Savard              0  0  0   0  0   2  0  2  4/16  20 
Matt Greene              0  0  0   0  0   1  3  2  0/0   15 
Peter Mueller            0  0  0  -2  0   0  0  0  5/9   6  
Ryan Smyth               0  3  3   2  4   3  0  0  0/2   15 
Steve Ott                0  0  0  -2  2   2  4  0  0/0   12 
Tim Connolly             1  1  2   2  0   4  0  0  7/30  22 

3 Stars

1 - Ray Whitney (OTT)
2 - Robert Lang (OTT)
3 - Blake Wheeler (TOR)

Power Play

Senators - 2 on 11 Attempt(s) - 18.18%
MapleLeafs - 1 on 6 Attempt(s) - 16.67%

Penalty Kill

Senators - 5 on 6 Attempt(s) - 83.33% - Score 0 goal in Penalty Kill
MapleLeafs - 9 on 11 Attempt(s) - 81.82% - Score 0 goal in Penalty Kill

Game Notes

Jose Theodore enters game at 8:08 of 3rd period

Play by Play

Period #1

0:01 of 1st period - Robert Lang wins face-off versus Marc Savard in neutral zone.
0:13 of 1st period - Shot by Marc Savard.
0:13 of 1st period - Shot Blocked by Paul Ranger.
0:15 of 1st period - Shot by Andy Sutton.
0:15 of 1st period - Shot Misses the Net.
1:31 of 1st period - Shot by Blake Wheeler.
1:31 of 1st period - Goal by Blake Wheeler - Senators : 0 - MapleLeafs : 1.
1:32 of 1st period - Sidney Crosby wins face-off versus Doug Weight in neutral zone.
1:35 of 1st period - Luke Schenn is hit by Rick Nash and loses puck.
1:37 of 1st period - Minor Penalty to Rick Nash for Slashing.
1:38 of 1st period - Jason Blake wins face-off versus Sidney Crosby in Senators zone.
1:48 of 1st period - Icing by Brian Rafalski.
1:49 of 1st period - Sidney Crosby wins face-off versus Marc Savard in MapleLeafs zone.
2:46 of 1st period - Icing by Greg Zanon.
2:47 of 1st period - Sidney Crosby wins face-off versus Tim Connolly in MapleLeafs zone.
2:50 of 1st period - Shot by Ilya Kovalchuk.
2:50 of 1st period - Stopped by Mike Smith without a rebound.
2:51 of 1st period - Mark Recchi wins face-off versus Marc Savard in MapleLeafs zone.
3:06 of 1st period - Shot by Marc Savard.
3:06 of 1st period - Shot Blocked by Jay Bouwmeester.
3:08 of 1st period - Shot by Brian Rafalski.
3:08 of 1st period - Deflect By Marc Savard.
3:08 of 1st period - Stopped by Alex Auld without a rebound.
3:09 of 1st period - Ray Whitney wins face-off versus Tim Connolly in Senators zone.
4:10 of 1st period - Sergei Fedorov is hit by Steve Ott.
5:31 of 1st period - Off-side.
5:32 of 1st period - Sergei Fedorov wins face-off versus Blake Wheeler in neutral zone.
5:47 of 1st period - Shot by Blake Wheeler.
5:47 of 1st period - Deflect By Tim Connolly.
5:47 of 1st period - Shot Misses the Net.
5:49 of 1st period - Shot by Ryan Smyth.
5:49 of 1st period - Stopped by Alex Auld with a rebound.
6:29 of 1st period - Shot by Robert Lang.
6:29 of 1st period - Shot Blocked by Luke Schenn.
6:33 of 1st period - Shot by Martin St. Louis.
6:33 of 1st period - Shot Blocked by Matt Greene.
6:37 of 1st period - Shot by Ray Whitney.
6:37 of 1st period - Goal by Ray Whitney - Senators : 1 - MapleLeafs : 1.
6:38 of 1st period - Sidney Crosby wins face-off versus Doug Weight in neutral zone.
6:50 of 1st period - Shot by Sidney Crosby.
6:50 of 1st period - Stopped by Mike Smith without a rebound.
6:51 of 1st period - Robert Lang wins face-off versus Jason Blake in MapleLeafs zone.
6:54 of 1st period - Shot by Ray Whitney.
6:54 of 1st period - Shot Blocked by Brian Rafalski.
6:58 of 1st period - Shot by Ray Whitney.
6:58 of 1st period - Stopped by Mike Smith with a rebound.
7:02 of 1st period - Shot by Ray Whitney.
7:02 of 1st period - Shot Blocked by Andy Sutton.
7:04 of 1st period - Shot by Ray Whitney.
7:04 of 1st period - Shot Misses the Net.
7:06 of 1st period - Shot by Martin St. Louis.
7:06 of 1st period - Shot Misses the Net.
7:08 of 1st period - Shot by Jan Hejda.
7:08 of 1st period - Deflect By Ray Whitney.
7:08 of 1st period - Stopped by Mike Smith without a rebound.
7:09 of 1st period - Sidney Crosby wins face-off versus Doug Weight in MapleLeafs zone.
7:09 of 1st period - Sidney Crosby is hit by Matt Greene.
7:16 of 1st period - Sidney Crosby is hit by Matt Greene and loses puck.
7:25 of 1st period - Icing by Rick Nash.
7:26 of 1st period - Tim Connolly wins face-off versus Rick Nash in Senators zone.
7:36 of 1st period - Tim Connolly is hit by Kevin Bieksa and loses puck.
7:43 of 1st period - Shot by Tim Connolly.
7:43 of 1st period - Stopped by Alex Auld with a rebound.
8:19 of 1st period - Shot by Fredrik Modin.
8:19 of 1st period - Stopped by Mike Smith without a rebound.
8:20 of 1st period - Robert Lang wins face-off versus Marc Savard in MapleLeafs zone.
8:23 of 1st period - Shot by Ray Whitney.
8:23 of 1st period - Stopped by Mike Smith without a rebound.
8:24 of 1st period - Peter Mueller wins face-off versus Robert Lang in MapleLeafs zone.
8:58 of 1st period - Shot by Jon Sim.
8:58 of 1st period - Stopped by Alex Auld with a rebound.
9:00 of 1st period - Shot by Jon Sim.
9:00 of 1st period - Stopped by Alex Auld with a rebound.
9:25 of 1st period - Shot by Doug Weight.
9:25 of 1st period - Stopped by Alex Auld without a rebound.
9:26 of 1st period - Sergei Fedorov wins face-off versus Tim Connolly in Senators zone.
10:00 of 1st period - Shot by Mark Recchi.
10:00 of 1st period - Deflect By Fredrik Modin.
10:00 of 1st period - Shot Blocked by Greg Zanon.
10:43 of 1st period - Minor Penalty to Luke Schenn for Tripping.
10:44 of 1st period - Robert Lang wins face-off versus Ian Laperriere in MapleLeafs zone.
10:45 of 1st period - Shot by Martin St. Louis.
10:45 of 1st period - Shot Hit the Post.
10:57 of 1st period - Brian Rafalski is hit by Ray Whitney and loses puck.
12:13 of 1st period - Minor Penalty to Ryan Smyth for Hooking.
12:14 of 1st period - Blake Wheeler wins face-off versus Sidney Crosby in MapleLeafs zone.
12:53 of 1st period - Shot by Robert Lang.
12:53 of 1st period - Goal by Robert Lang - Senators : 2 - MapleLeafs : 1.
12:54 of 1st period - Fredrik Modin wins face-off versus Doug Weight in neutral zone.
12:56 of 1st period - Freddy Meyer is hit by Luke Schenn and loses puck.
13:01 of 1st period - Shot by Mark Recchi.
13:01 of 1st period - Shot Misses the Net.
13:03 of 1st period - Shot by Mark Recchi.
13:03 of 1st period - Shot Misses the Net.
13:33 of 1st period - Shot by Mark Recchi.
13:33 of 1st period - Goal by Mark Recchi - Senators : 3 - MapleLeafs : 1.
13:34 of 1st period - Robert Lang wins face-off versus Tim Connolly in neutral zone.
13:45 of 1st period - Shot by Tim Connolly.
13:45 of 1st period - Shot Hit the Post.
13:50 of 1st period - Icing by Robert Lang.
13:51 of 1st period - Robert Lang wins face-off versus Marc Savard in Senators zone.
13:56 of 1st period - Shot by Martin St. Louis.
13:56 of 1st period - Stopped by Mike Smith with a rebound.
13:59 of 1st period - Icing by Andy Sutton.
14:00 of 1st period - Marc Savard wins face-off versus Kris Draper in MapleLeafs zone.
14:08 of 1st period - Icing by Radek Martinek.
14:09 of 1st period - Kris Draper wins face-off versus Tim Connolly in Senators zone.
15:07 of 1st period - Sergei Fedorov is hit by Steve Ott.
15:08 of 1st period - Icing by Sergei Fedorov.
15:09 of 1st period - Sergei Fedorov wins face-off versus Marc Savard in Senators zone.
16:07 of 1st period - Minor Penalty to Luke Schenn for Holding.
16:08 of 1st period - Robert Lang wins face-off versus Tim Connolly in MapleLeafs zone.
17:17 of 1st period - Shot by Rick Nash.
17:17 of 1st period - Goal by Rick Nash - Senators : 4 - MapleLeafs : 1.
17:18 of 1st period - Doug Weight wins face-off versus Sergei Fedorov in neutral zone.
17:21 of 1st period - Freddy Meyer is hit by Steve Ott and loses puck.
17:29 of 1st period - Sergei Fedorov is hit by Matt Greene and loses puck.
17:37 of 1st period - Off-side.
17:38 of 1st period - Peter Mueller wins face-off versus Kris Draper in neutral zone.
17:57 of 1st period - Shot by Steve Bernier.
17:57 of 1st period - Shot Misses the Net.
17:59 of 1st period - Shot by Jay Bouwmeester.
17:59 of 1st period - Shot Blocked by Andy Sutton.
18:03 of 1st period - Shot by Kris Draper.
18:03 of 1st period - Stopped by Mike Smith without a rebound.
18:04 of 1st period - Tim Connolly wins face-off versus Robert Lang in MapleLeafs zone.
18:32 of 1st period - Ray Whitney is hit by Greg Zanon and loses puck.
18:51 of 1st period - Matt Greene is hit by Ray Whitney and loses puck.
19:03 of 1st period - Minor Penalty to Luke Schenn for Tripping.
19:04 of 1st period - Sidney Crosby wins face-off versus Ian Laperriere in MapleLeafs zone.
19:39 of 1st period - Off-side.
19:40 of 1st period - Ian Laperriere wins face-off versus Martin St. Louis in neutral zone.

Period #2

0:01 of 2nd period - Ian Laperriere wins face-off versus Sidney Crosby in neutral zone.
0:36 of 2nd period - Ilya Kovalchuk is hit by Ian Laperriere.
0:46 of 2nd period - Shot by Sidney Crosby.
0:46 of 2nd period - Stopped by Mike Smith with a rebound.
1:08 of 2nd period - Shot by Mark Recchi.
1:08 of 2nd period - Stopped by Mike Smith without a rebound.
1:09 of 2nd period - Doug Weight wins face-off versus Sergei Fedorov in MapleLeafs zone.
1:09 of 2nd period - Doug Weight is hit by Mark Recchi.
1:27 of 2nd period - Shot by Mark Recchi.
1:27 of 2nd period - Deflect By Fredrik Modin.
1:27 of 2nd period - Shot Blocked by Matt Greene.
1:29 of 2nd period - Shot by Fredrik Modin.
1:29 of 2nd period - Stopped by Mike Smith without a rebound.
1:30 of 2nd period - Robert Lang wins face-off versus Tim Connolly in MapleLeafs zone.
1:46 of 2nd period - Minor Penalty to Greg Zanon for Slashing.
1:47 of 2nd period - Ian Laperriere wins face-off versus Robert Lang in MapleLeafs zone.
2:01 of 2nd period - Martin St. Louis is hit by Andreas Lilja and loses puck.
2:19 of 2nd period - Shot by Kevin Bieksa.
2:19 of 2nd period - Stopped by Mike Smith without a rebound.
2:20 of 2nd period - Sidney Crosby wins face-off versus Ian Laperriere in MapleLeafs zone.
2:53 of 2nd period - Off-side.
2:54 of 2nd period - Robert Lang wins face-off versus Tim Connolly in neutral zone.
3:06 of 2nd period - Shot by Ray Whitney.
3:06 of 2nd period - Stopped by Mike Smith with a rebound.
3:10 of 2nd period - Shot by Martin St. Louis.
3:10 of 2nd period - Shot Blocked by Brian Rafalski.
3:12 of 2nd period - Shot by Martin St. Louis.
3:12 of 2nd period - Shot Misses the Net.
3:14 of 2nd period - Shot by Martin St. Louis.
3:14 of 2nd period - Shot Misses the Net.
3:18 of 2nd period - Shot by Kevin Bieksa.
3:18 of 2nd period - Shot Blocked by Andreas Lilja.
3:22 of 2nd period - Shot by Martin St. Louis.
3:22 of 2nd period - Shot Blocked by Marc Savard.
4:21 of 2nd period - Shot by Sergei Fedorov.
4:21 of 2nd period - Stopped by Mike Smith without a rebound.
4:22 of 2nd period - Peter Mueller wins face-off versus Kris Draper in MapleLeafs zone.
4:28 of 2nd period - Off-side.
4:29 of 2nd period - Marc Savard wins face-off versus Kris Draper in neutral zone.
4:40 of 2nd period - Shot by Chuck Kobasew.
4:40 of 2nd period - Shot Misses the Net.
4:41 of 2nd period - Minor Penalty to Chuck Kobasew for Hooking.
4:42 of 2nd period - Ian Laperriere wins face-off versus Ray Whitney in MapleLeafs zone.
5:00 of 2nd period - Shot by Robert Lang.
5:00 of 2nd period - Shot Misses the Net.
5:32 of 2nd period - Shot by Rick Nash.
5:32 of 2nd period - Stopped by Mike Smith without a rebound.
5:33 of 2nd period - Ian Laperriere wins face-off versus Sidney Crosby in MapleLeafs zone.
5:33 of 2nd period - Ian Laperriere is hit by Sidney Crosby.
5:49 of 2nd period - Shot by Jay Bouwmeester.
5:49 of 2nd period - Stopped by Mike Smith without a rebound.
5:50 of 2nd period - Ian Laperriere wins face-off versus Sidney Crosby in MapleLeafs zone.
6:58 of 2nd period - Shot by Fredrik Modin.
6:58 of 2nd period - Stopped by Mike Smith without a rebound.
6:59 of 2nd period - Robert Lang wins face-off versus Peter Mueller in MapleLeafs zone.
7:15 of 2nd period - Shot by Ray Whitney.
7:15 of 2nd period - Stopped by Mike Smith with a rebound.
7:38 of 2nd period - Shot by Paul Ranger.
7:38 of 2nd period - Stopped by Mike Smith without a rebound.
7:39 of 2nd period - Sergei Fedorov wins face-off versus Tim Connolly in MapleLeafs zone.
7:57 of 2nd period - Icing by Fredrik Modin.
7:58 of 2nd period - Doug Weight wins face-off versus Sergei Fedorov in Senators zone.
8:28 of 2nd period - Minor Penalty to Mark Recchi for Holding.
8:29 of 2nd period - Tim Connolly wins face-off versus Sidney Crosby in Senators zone.
8:30 of 2nd period - Shot by Blake Wheeler.
8:30 of 2nd period - Shot Blocked by Jay Bouwmeester.
8:32 of 2nd period - Shot by Greg Zanon.
8:32 of 2nd period - Stopped by Alex Auld without a rebound.
8:33 of 2nd period - Rick Nash wins face-off versus Tim Connolly in Senators zone.
8:51 of 2nd period - Tim Connolly is hit by Jan Hejda and loses puck.
9:01 of 2nd period - Icing by Andreas Lilja.
9:02 of 2nd period - Martin St. Louis wins face-off versus Tim Connolly in MapleLeafs zone.
9:02 of 2nd period - Rick Nash is hit by Greg Zanon and loses puck.
9:11 of 2nd period - Shot by Ryan Smyth.
9:11 of 2nd period - Shot Blocked by Kevin Bieksa.
9:13 of 2nd period - Shot by Greg Zanon.
9:13 of 2nd period - Goal by Greg Zanon - Senators : 4 - MapleLeafs : 2.
9:14 of 2nd period - Kris Draper wins face-off versus Marc Savard in neutral zone.
9:26 of 2nd period - Sidney Crosby is hit by Andy Sutton and loses puck.
9:32 of 2nd period - Brian Rafalski is hit by Jay Bouwmeester and loses puck.
9:51 of 2nd period - Icing by Jay Bouwmeester.
9:52 of 2nd period - Doug Weight wins face-off versus Kris Draper in Senators zone.
9:52 of 2nd period - Claude Giroux is hit by Radek Martinek and loses puck.
10:03 of 2nd period - Shot by Claude Giroux.
10:03 of 2nd period - Shot Misses the Net.
10:05 of 2nd period - Shot by Matt Greene.
10:05 of 2nd period - Stopped by Alex Auld with a rebound.
10:11 of 2nd period - Shot by Doug Weight.
10:11 of 2nd period - Goal by Doug Weight - Senators : 4 - MapleLeafs : 3.
10:12 of 2nd period - Robert Lang wins face-off versus Tim Connolly in neutral zone.
10:21 of 2nd period - Shot by Tim Connolly.
10:21 of 2nd period - Shot Misses the Net.
10:23 of 2nd period - Shot by Greg Zanon.
10:23 of 2nd period - Shot Misses the Net.
10:25 of 2nd period - Shot by Andreas Lilja.
10:25 of 2nd period - Stopped by Alex Auld with a rebound.
10:27 of 2nd period - Shot by Tim Connolly.
10:27 of 2nd period - Shot Blocked by Paul Ranger.
10:29 of 2nd period - Shot by Greg Zanon.
10:29 of 2nd period - Shot Misses the Net.
10:33 of 2nd period - Shot by Blake Wheeler.
10:33 of 2nd period - Stopped by Alex Auld with a rebound.
10:35 of 2nd period - Shot by Blake Wheeler.
10:35 of 2nd period - Stopped by Alex Auld without a rebound.
10:36 of 2nd period - Sergei Fedorov wins face-off versus Doug Weight in Senators zone.
10:45 of 2nd period - Shot by Sergei Fedorov.
10:45 of 2nd period - Stopped by Mike Smith without a rebound.
10:46 of 2nd period - Marc Savard wins face-off versus Sergei Fedorov in MapleLeafs zone.
11:21 of 2nd period - Shot by Marc Savard.
11:21 of 2nd period - Shot Blocked by Sergei Fedorov.
11:40 of 2nd period - Icing by Karlis Skrastins.
11:41 of 2nd period - Sergei Fedorov wins face-off versus Tim Connolly in Senators zone.
11:52 of 2nd period - Shot by Ryan Smyth.
11:52 of 2nd period - Stopped by Alex Auld with a rebound.
11:54 of 2nd period - Shot by Tim Connolly.
11:54 of 2nd period - Stopped by Alex Auld with a rebound.
11:58 of 2nd period - Shot by Tim Connolly.
11:58 of 2nd period - Stopped by Alex Auld without a rebound.
11:59 of 2nd period - Robert Lang wins face-off versus Doug Weight in Senators zone.
12:18 of 2nd period - Minor Penalty to Luke Schenn for Roughing.
12:19 of 2nd period - Sidney Crosby wins face-off versus Tim Connolly in MapleLeafs zone.
12:20 of 2nd period - Shot by Rick Nash.
12:20 of 2nd period - Deflect By Ilya Kovalchuk.
12:20 of 2nd period - Shot Misses the Net.
12:24 of 2nd period - Shot by Sidney Crosby.
12:24 of 2nd period - Shot Misses the Net.
12:26 of 2nd period - Shot by Jan Hejda.
12:26 of 2nd period - Stopped by Mike Smith with a rebound.
12:28 of 2nd period - Shot by Ilya Kovalchuk.
12:28 of 2nd period - Shot Misses the Net.
12:30 of 2nd period - Shot by Jay Bouwmeester.
12:30 of 2nd period - Shot Misses the Net.
12:34 of 2nd period - Shot by Rick Nash.
12:34 of 2nd period - Shot Blocked by Marc Savard.
12:36 of 2nd period - Shot by Sidney Crosby.
12:36 of 2nd period - Stopped by Mike Smith without a rebound.
12:37 of 2nd period - Ian Laperriere wins face-off versus Robert Lang in MapleLeafs zone.
12:46 of 2nd period - Andy Sutton is hit by Robert Lang and loses puck.
13:03 of 2nd period - Shot by Ray Whitney.
13:03 of 2nd period - Shot Misses the Net.
13:05 of 2nd period - Shot by Martin St. Louis.
13:05 of 2nd period - Shot Misses the Net.
13:09 of 2nd period - Shot by Martin St. Louis.
13:09 of 2nd period - Shot Blocked by Brian Rafalski.
13:11 of 2nd period - Shot by Robert Lang.
13:11 of 2nd period - Stopped by Mike Smith without a rebound.
13:12 of 2nd period - Rick Nash wins face-off versus Tim Connolly in MapleLeafs zone.
14:20 of 2nd period - Off-side.
14:21 of 2nd period - Sergei Fedorov wins face-off versus Doug Weight in neutral zone.
14:56 of 2nd period - Shot by Steve Ott.
14:56 of 2nd period - Shot Misses the Net.
14:58 of 2nd period - Shot by Steve Ott.
14:58 of 2nd period - Stopped by Alex Auld without a rebound.
14:59 of 2nd period - Robert Lang wins face-off versus Peter Mueller in Senators zone.
15:03 of 2nd period - Ray Whitney is hit by Andy Sutton and loses puck.
15:08 of 2nd period - Shot by Martin St. Louis.
15:08 of 2nd period - Shot Blocked by Brian Rafalski.
15:10 of 2nd period - Shot by Robert Lang.
15:10 of 2nd period - Goal by Robert Lang - Senators : 5 - MapleLeafs : 3.
15:11 of 2nd period - Kris Draper wins face-off versus Tim Connolly in neutral zone.
15:17 of 2nd period - Minor Penalty to Steve Bernier for Holding.
15:18 of 2nd period - Rick Nash wins face-off versus Marc Savard in Senators zone.
15:28 of 2nd period - Icing by Jason Blake.
15:29 of 2nd period - Ilya Kovalchuk wins face-off versus Marc Savard in MapleLeafs zone.
16:00 of 2nd period - Shot by Brian Rafalski.
16:00 of 2nd period - Shot Misses the Net.
16:09 of 2nd period - Icing by Jason Blake.
16:10 of 2nd period - Sidney Crosby wins face-off versus Marc Savard in MapleLeafs zone.
16:26 of 2nd period - Off-side.
16:27 of 2nd period - Sidney Crosby wins face-off versus Ryan Smyth in neutral zone.
16:36 of 2nd period - Rick Nash is hit by Blake Wheeler and loses puck.
17:41 of 2nd period - Shot by Sergei Fedorov.
17:41 of 2nd period - Stopped by Mike Smith without a rebound.
17:42 of 2nd period - Peter Mueller wins face-off versus Robert Lang in MapleLeafs zone.
17:57 of 2nd period - Shot by Ray Whitney.
17:57 of 2nd period - Stopped by Mike Smith without a rebound.
17:58 of 2nd period - Doug Weight wins face-off versus Kris Draper in MapleLeafs zone.
18:00 of 2nd period - Minor Penalty to Sidney Crosby for High sticking.
18:01 of 2nd period - Tim Connolly wins face-off versus Rick Nash in Senators zone.
18:26 of 2nd period - Shot by Blake Wheeler.
18:26 of 2nd period - Stopped by Alex Auld without a rebound.
18:27 of 2nd period - Marc Savard wins face-off versus Ray Whitney in Senators zone.
18:52 of 2nd period - Shot by Brian Rafalski.
18:52 of 2nd period - Shot Misses the Net.
18:54 of 2nd period - Shot by Andy Sutton.
18:54 of 2nd period - Stopped by Alex Auld without a rebound.
18:55 of 2nd period - Rick Nash wins face-off versus Tim Connolly in Senators zone.
19:05 of 2nd period - Minor Penalty to Kevin Bieksa for Interference.
19:06 of 2nd period - Ilya Kovalchuk wins face-off versus Marc Savard in Senators zone.
19:17 of 2nd period - Shot by Chuck Kobasew.
19:17 of 2nd period - Stopped by Alex Auld without a rebound.
19:18 of 2nd period - Ray Whitney wins face-off versus Tim Connolly in Senators zone.

Period #3

0:01 of 3rd period - Sidney Crosby wins face-off versus Marc Savard in neutral zone.
0:15 of 3rd period - Shot by Chuck Kobasew.
0:15 of 3rd period - Shot Misses the Net.
0:55 of 3rd period - Shot by Tim Connolly.
0:55 of 3rd period - Deflect By Ryan Smyth.
0:55 of 3rd period - Stopped by Alex Auld with a rebound.
1:24 of 3rd period - Shot by Mark Recchi.
1:24 of 3rd period - Shot Blocked by Luke Schenn.
1:26 of 3rd period - Shot by Fredrik Modin.
1:26 of 3rd period - Goal by Fredrik Modin - Senators : 6 - MapleLeafs : 3.
1:27 of 3rd period - Robert Lang wins face-off versus Ryan Smyth in neutral zone.
1:56 of 3rd period - Icing by Tim Connolly.
1:57 of 3rd period - Tim Connolly wins face-off versus Sergei Fedorov in MapleLeafs zone.
2:23 of 3rd period - Fredrik Modin is hit by Andreas Lilja and loses puck.
2:27 of 3rd period - Minor Penalty to Andreas Lilja for Tripping.
2:28 of 3rd period - Ian Laperriere wins face-off versus Robert Lang in MapleLeafs zone.
4:12 of 3rd period - Shot by Ray Whitney.
4:12 of 3rd period - Stopped by Mike Smith without a rebound.
4:13 of 3rd period - Jason Blake wins face-off versus Sidney Crosby in MapleLeafs zone.
4:21 of 3rd period - Icing by Ilya Kovalchuk.
4:22 of 3rd period - Sidney Crosby wins face-off versus Jason Blake in Senators zone.
4:47 of 3rd period - Shot by Doug Weight.
4:47 of 3rd period - Stopped by Alex Auld without a rebound.
4:48 of 3rd period - Kris Draper wins face-off versus Peter Mueller in Senators zone.
4:48 of 3rd period - Kris Draper is hit by Ian Laperriere.
5:08 of 3rd period - Shot by Steve Bernier.
5:08 of 3rd period - Stopped by Mike Smith with a rebound.
5:16 of 3rd period - Minor Penalty to Kris Draper for Tripping.
5:17 of 3rd period - Rick Nash wins face-off versus Tim Connolly in Senators zone.
6:09 of 3rd period - Paul Ranger is hit by Chuck Kobasew and loses puck.
7:44 of 3rd period - Shot by Steve Ott.
7:44 of 3rd period - Stopped by Alex Auld without a rebound.
7:45 of 3rd period - Peter Mueller wins face-off versus Ray Whitney in Senators zone.
7:56 of 3rd period - Shot by Andy Sutton.
7:56 of 3rd period - Shot Blocked by Jan Hejda.
8:08 of 3rd period - Shot by Ray Whitney.
8:08 of 3rd period - Goal by Ray Whitney - Senators : 7 - MapleLeafs : 3.
8:08 of 3rd period - Jose Theodore enters game.
8:09 of 3rd period - Kris Draper wins face-off versus Doug Weight in neutral zone.
8:12 of 3rd period - Claude Giroux is hit by Kris Draper and loses puck.
8:19 of 3rd period - Jay Bouwmeester is hit by Steve Ott and loses puck.
8:50 of 3rd period - Shot by Marc Savard.
8:50 of 3rd period - Stopped by Alex Auld without a rebound.
8:51 of 3rd period - Sergei Fedorov wins face-off versus Tim Connolly in Senators zone.
9:01 of 3rd period - Mark Recchi is hit by Greg Zanon and loses puck.
9:05 of 3rd period - Minor Penalty to Ryan Smyth for Slashing.
9:06 of 3rd period - Robert Lang wins face-off versus Tim Connolly in MapleLeafs zone.
9:43 of 3rd period - Ray Whitney is hit by Luke Schenn and loses puck.
10:04 of 3rd period - Marc Savard is hit by Ilya Kovalchuk and loses puck.
10:36 of 3rd period - Icing by Robert Lang.
10:37 of 3rd period - Robert Lang wins face-off versus Ian Laperriere in Senators zone.
10:42 of 3rd period - Blake Wheeler is hit by Martin St. Louis.
12:23 of 3rd period - Shot by Steve Bernier.
12:23 of 3rd period - Shot Misses the Net.
12:27 of 3rd period - Shot by Sidney Crosby.
12:27 of 3rd period - Deflect By Steve Bernier.
12:27 of 3rd period - Stopped by Jose Theodore with a rebound.
13:07 of 3rd period - Shot by Martin St. Louis.
13:07 of 3rd period - Stopped by Jose Theodore without a rebound.
13:08 of 3rd period - Tim Connolly wins face-off versus Sidney Crosby in MapleLeafs zone.
13:08 of 3rd period - Tim Connolly is hit by Rick Nash.
13:25 of 3rd period - Minor Penalty to Andreas Lilja for Hooking.
13:26 of 3rd period - Robert Lang wins face-off versus Tim Connolly in MapleLeafs zone.
13:53 of 3rd period - Shot by Robert Lang.
13:53 of 3rd period - Stopped by Jose Theodore without a rebound.
13:54 of 3rd period - Sidney Crosby wins face-off versus Tim Connolly in MapleLeafs zone.
15:28 of 3rd period - Mark Recchi is hit by Luke Schenn and loses puck.
15:38 of 3rd period - Minor Penalty to Steve Ott for Interference.
15:39 of 3rd period - Tim Connolly wins face-off versus Sidney Crosby in MapleLeafs zone.
15:54 of 3rd period - Shot by Ilya Kovalchuk.
15:54 of 3rd period - Stopped by Jose Theodore with a rebound.
19:28 of 3rd period - Shot by Tim Connolly.
19:28 of 3rd period - Goal by Tim Connolly - Senators : 7 - MapleLeafs : 4.
19:29 of 3rd period - Robert Lang wins face-off versus Peter Mueller in neutral zone.


Output by the SimonT Hockey Simulator (STHS) for Stephane Roy -- Original Page W3C XHTML 1.0 Valid